Map: Snowbound Colony

Players

OpuS - Winner!

  • Race: Protoss Protoss
  • Spawn Location: 7:00

Feng - Winner!

  • Race: Terran Terran
  • Spawn Location: 6:00

Sketchaphone - Winner!

  • Race: Zerg Zerg
  • Spawn Location: 7:00

Zip

  • Race: Zerg Zerg
  • Spawn Location: 1:00

Eaglesearchr

  • Race: Terran Terran
  • Spawn Location: 1:00

DamGlam

  • Race: Protoss Protoss
  • Spawn Location: 12:00

VOD

Have the link to the VOD?

Description

Time

  • Played on: Jan. 22, 2019, 8:03 p.m.
  • Length: 19:56
Show
View Real Time Build Order
Export as new Build Order

OpuS Protoss - Winner!

Build Orders: 1 Gate Expand, Oracle Opening, Phoenix Opening, Carriers 

Get SALT Encoding   

  12  0:01  Probe  
  13  0:13  Probe  
  14  0:22  Pylon  
  14  0:25  Probe  
  15  0:39  Probe  
  15  0:42  Gateway  
  16  0:47  Probe  
  16  0:50  Assimilator  
  16  0:55  Probe  
  18  1:09  Probe  
  19  1:21  Probe  
  20  1:31  Nexus  
  20  1:45  Cybernetics Core, Probe  
  21  2:02  Zealot  
  21  2:05  Pylon  
  21  2:07  Assimilator  
  22  2:24  Warp Gate  
  22  2:33  Stargate, Probe  
  23  2:41  Probe  
  23  2:45  Stalker  
  23  2:47  Probe  
  23  2:51  Probe  
  28  3:03  Probe  
  28  3:04  Probe  
  30  3:08  Oracle  
  30  3:09  Pylon  
  30  3:15  Probe  
  30  3:16  Probe  
  35  3:28  Probe x2  
  37  3:40  Probe x2  
  39  3:46  Assimilator  
  39  3:48  Phoenix  
  39  3:51  Assimilator  
  39  3:52  Probe x2  
  41  4:00  Stargate  
  39  4:03  Pylon  
  39  4:04  Probe x2  
  41  4:12  Probe  
  41  4:15  Phoenix  
  41  4:16  Probe  
  45  4:21  Probe  
  45  4:28  Probe  
  47  4:40  Phoenix  
  49  4:46  Probe x2  
  49  4:50  Phoenix  
  53  4:57  Stargate  
  53  4:58  Probe  
  53  4:59  Fleet Beacon  
  54  5:01  Probe  
  54  5:06  Phoenix  
  57  5:10  Probe  
  58  5:18  Phoenix  
  60  5:42  Phoenix  
  62  5:48  Pylon  
  62  5:50  Pylon  
  62  5:52  Pylon  
  62  6:06  Probe x2  
  62  6:09  Carrier  
  72  6:14  Carrier  
  72  6:18  Probe  
  75  6:43  Stargate  
  75  6:47  Stargate  
  75  6:54  Nexus  
  75  6:56  Pylon  
  75  6:59  Pylon  
  75  7:02  Pylon  
  75  7:05  Assimilator  
  75  7:09  Assimilator  
  75  7:17  Carrier  
  75  7:20  Void Ray  
  85  7:25  Forge, Cybernetics Core  
  85  7:34  Probe x2  
  87  7:38  Carrier  
  93  7:46  Probe  
  94  8:08  Carrier  
  94  8:10  Probe x3  
  103  8:22  Probe  
  104  8:29  Probe x2  
  106  8:34  Carrier, Probe  
  106  8:40  Pylon x2  
  106  8:41  Probe x2  
  114  8:43  Pylon  
  114  8:45  Pylon  
  114  8:46  Pylon, Probe  
  114  8:47  Pylon  
  115  9:10  Probe  
  115  9:11  Probe x2  
  118  9:18  Protoss Air Weapons Level 1, Protoss Air Armor Level 1  
  118  9:19  Protoss Shields Level 1  
  118  9:20  Carrier  
  118  9:22  Carrier  
  130  9:30  Probe x3  
  133  9:42  Probe  
  134  9:47  Carrier  
  136  10:14  Nexus  
  136  10:18  Carrier  
  141  10:35  Carrier x2  
  147  10:47  Pylon  
  147  10:52  Stargate  
  141  10:59  Carrier  
  141  11:02  Stargate  
  123  11:26  Carrier  
  129  11:35  Twilight Council  
  114  11:50  Gateway  
  114  11:51  Gateway  
  114  11:53  Gateway  
  114  11:54  Gateway  
  114  12:00  Gateway  
  114  12:01  Gateway  
  114  12:03  Carrier  
  114  12:04  Carrier  
  114  12:05  Gateway  
  114  12:06  Carrier  
  132  12:11  Charge  
  132  12:31  Carrier  
  138  12:43  Robotics Facility  
  138  13:02  Carrier  
  144  13:19  Carrier x2  
  150  13:40  Carrier  
  138  13:56  Carrier  
  144  14:10  Carrier, Gateway  
  144  14:11  Gateway  
  144  14:12  Carrier, Gateway  
  144  14:14  Gateway  
  144  14:56  Carrier x2  
  144  14:57  Carrier  
  144  14:58  Protoss Air Weapons Level 2  
  149  15:19  Carrier  
  155  15:34  Zealot x2  
  155  15:35  Zealot x6  
  169  15:36  Zealot x2  
  169  15:37  Zealot x2  
  173  15:44  Pylon  
  173  15:47  Gateway  
  173  15:49  Gateway  
  173  15:53  Carrier x2, Gateway  
  167  16:01  Zealot x3  
  167  16:02  Zealot x4  
  175  16:07  Gateway  
  163  16:27  Zealot x2  
  163  16:28  Zealot x2  
  163  16:29  Zealot  
  151  17:06  Protoss Shields Level 2  
  121  17:18  Protoss Air Armor Level 2  
  109  18:07  Nexus  
  109  18:09  Pylon  
  109  18:14  Pylon  
  109  18:15  Assimilator  
Show
View Real Time Build Order
Export as new Build Order

Feng Terran - Winner!

Build Orders:  

Get SALT Encoding   

  12  0:01  SCV  
  13  0:15  Supply Depot  
  13  0:18  SCV  
  14  0:30  SCV  
  15  0:39  Barracks  
  15  0:42  SCV  
  16  0:52  Refinery  
  16  0:54  SCV  
  17  1:06  SCV  
  18  1:18  SCV  
  19  1:34  Command Center  
  19  1:50  Marine  
  19  1:53  Supply Depot  
  21  1:54  SCV  
  21  2:06  SCV  
  22  2:12  Marine  
  23  2:18  SCV  
  24  2:24  Factory  
  24  2:30  SCV  
  24  2:31  Refinery  
  24  2:34  Marine  
  24  2:37  Barracks  
  26  2:42  SCV  
  27  2:48  SCV  
  28  2:54  SCV  
  29  3:00  SCV  
  30  3:09  Orbital Command  
  30  3:35  SCV x2  
  30  3:41  Marine  
  33  3:43  Barracks Tech Lab  
  33  3:48  Factory Tech Lab, Engineering Bay  
  33  3:52  SCV  
  34  3:57  Starport  
  34  3:58  Marine  
  35  4:13  Marine  
  35  4:16  Marine  
  37  4:17  SCV x2  
  35  4:25  Missile Turret  
  35  4:28  Siege Tank  
  35  4:29  SCV  
  38  4:37  SCV  
  39  4:54  Marine  
  39  4:57  Medivac  
  42  5:00  Siege Tank  
  46  5:07  SCV  
  46  5:11  Refinery  
  46  5:21  SCV  
  46  5:22  SCV  
  46  5:27  Medivac  
  45  5:32  Siege Tank  
  44  5:38  Marine  
  44  5:39  SCV  
  46  5:54  Supply Depot  
  46  5:57  Supply Depot  
  46  5:58  Supply Depot  
  46  6:04  Marine x2, SCV x2  
  46  6:07  Starport Tech Lab  
  50  6:15  Engineering Bay  
  50  6:16  SCV x2  
  52  6:19  Armory  
  52  6:20  Siege Tank  
  55  6:28  SCV  
  56  6:35  SCV  
  56  6:36  Marine  
  58  6:40  SCV  
  59  6:49  SCV, Refinery  
  59  6:50  Command Center  
  59  6:52  Siege Tank  
  59  6:53  SCV  
  65  7:01  SCV  
  65  7:05  SCV  
  66  7:13  SCV  
  67  7:17  SCV  
  67  7:20  Starport  
  68  7:23  Starport  
  68  7:25  SCV  
  68  7:26  Starport  
  70  7:30  Refinery  
  70  7:37  SCV  
  70  7:39  Orbital Command  
  70  7:46  Siege Tank  
  70  7:48  Viking, Refinery  
  70  7:49  SCV  
  76  8:00  Terran Infantry Armor Level 1  
  76  8:01  SCV  
  77  8:05  Terran Infantry Weapons Level 1  
  77  8:18  Viking  
  79  8:23  SCV x2  
  82  8:35  Orbital Command, SCV x2  
  83  8:42  Starport Tech Lab  
  83  8:43  Starport Tech Lab  
  83  8:45  Starport Tech Lab  
  83  8:47  SCV x2  
  83  8:48  Viking  
  87  8:55  Fusion Core  
  87  8:57  Terran Vehicle And Ship Armor Level 1  
  87  9:02  Armory  
  87  9:03  SCV  
  87  9:04  SCV x2  
  90  9:15  SCV  
  90  9:16  SCV x2  
  93  9:20  Missile Turret  
  93  9:30  Marine x2, SCV, Siege Tank, Medivac  
  101  9:34  Supply Depot x2  
  101  9:35  Viking  
  103  9:41  Fusion Core  
  103  9:47  SCV x2  
  103  9:48  Marine x2  
  107  9:58  Supply Depot  
  107  9:59  Terran Infantry Armor Level 2, Supply Depot  
  107  10:03  Terran Ship Weapons Level 1  
  107  10:06  Marauder  
  109  10:15  Command Center  
  109  10:27  Marauder  
  111  10:29  Refinery  
  111  10:32  Battlecruiser x2  
  111  10:33  Battlecruiser  
  129  10:37  Refinery  
  129  10:39  Battlecruiser  
  135  11:37  Battlecruiser  
  135  11:39  Battlecruiser  
  147  11:40  Battlecruiser  
  147  11:43  Weapon Refit  
  153  11:49  Terran Vehicle And Ship Armor Level 2  
  153  12:09  Battlecruiser  
  159  12:27  Orbital Command  
  159  12:48  Battlecruiser x2  
  171  13:02  Battlecruiser  
  177  13:09  Terran Infantry Weapons Level 2  
  177  13:16  Terran Ship Weapons Level 2  
  177  13:47  Refinery  
  177  13:48  Refinery  
  177  14:12  Terran Vehicle And Ship Armor Level 3  
  177  14:46  Battlecruiser  
  177  14:50  Battlecruiser  
  177  14:52  Battlecruiser  
  177  15:01  Thor  
  177  15:02  Battlecruiser  
  152  15:44  Thor  
  158  15:50  Battlecruiser  
  158  15:53  Marine x2  
  158  15:54  Battlecruiser  
  158  15:56  Battlecruiser  
  178  16:11  Marine x2  
  180  16:59  Supply Depot  
  180  17:00  Supply Depot  
  180  17:03  Supply Depot  
  180  17:06  Supply Depot  
  180  17:20  Marine  
  180  17:21  Siege Tank, SCV x4  
  180  17:22  Marine, Battlecruiser  
  195  17:33  SCV x2  
  197  17:38  Marine  
  197  17:40  Marine  
  195  17:53  Siege Tank  
  195  17:56  Marine  
  195  17:57  Marine  
  174  18:10  Battlecruiser x3  
  184  18:14  Marine  
  184  18:15  Marine  
  186  18:26  Battlecruiser  
  187  18:32  Marine  
  187  18:33  Siege Tank, Marine  
  192  18:49  Marine  
  192  18:51  Marine  
  193  19:07  Marine  
  193  19:09  Marine  
  195  19:14  Viking x2  
  199  19:25  Marine  
Show
View Real Time Build Order
Export as new Build Order

Sketchaphone Zerg - Winner!

Build Orders: Hatch First, Swarm Host 

Get SALT Encoding   

  12  0:01  Drone  
  13  0:14  Overlord  
  13  0:18  Drone  
  14  0:32  Drone x2  
  16  0:37  Drone  
  17  0:58  Drone  
  17  1:00  Extractor  
  17  1:02  Drone, Hatchery  
  17  1:14  Drone  
  18  1:19  Drone  
  19  1:31  Drone  
  20  1:41  Drone  
  20  1:45  Spawning Pool  
  20  2:16  Drone  
  20  2:17  Overlord x2  
  21  2:30  Overlord  
  21  2:31  Metabolic Boost  
  21  2:33  Queen x2  
  25  2:46  Zergling x4  
  27  3:08  Drone x2  
  29  3:19  Overlord  
  29  3:20  Drone x4  
  33  3:30  Drone  
  33  3:32  Hatchery  
  33  3:39  Drone  
  34  3:42  Lair  
  34  3:45  Drone  
  34  3:46  Drone x3  
  38  3:49  Zergling x2  
  39  3:56  Zergling x2  
  40  4:10  Evolution Chamber  
  39  4:25  Evolution Chamber  
  39  4:29  Drone  
  39  4:30  Drone x4  
  43  4:35  Extractor  
  42  4:39  Roach Warren  
  41  4:48  Drone x2  
  41  4:49  Queen  
  41  4:50  Overlord x2  
  45  4:54  Drone x2, Spire  
  45  4:55  Drone  
  45  4:59  Zerg Melee Weapons Level 1  
  47  5:03  Extractor, Drone  
  47  5:04  Drone x4  
  47  5:05  Extractor  
  50  5:11  Pneumatized Carapace  
  50  5:16  Overlord  
  50  5:21  Zergling x10  
  55  5:46  Drone x2  
  57  5:53  Zerg Ground Armor Level 1  
  57  5:55  Zergling x2  
  57  5:56  Zergling x12  
  64  5:57  Hatchery  
  63  6:05  Queen  
  63  6:06  Queen  
  67  6:23  Overseer  
  67  6:26  Zergling x18  
  67  6:28  Zergling x2  
  67  6:31  Zerg Flyer Weapons Level 1  
  75  7:15  Mutalisk x4  
  75  7:16  Mutalisk x4  
  75  7:22  Drone x2  
  92  7:24  Drone  
  92  7:25  Extractor x2, Drone x7  
  92  7:27  Overlord  
  93  7:32  Queen  
  95  7:47  Overseer  
  95  7:50  Zerg Ground Armor Level 2  
  95  7:51  Zerg Melee Weapons Level 2  
  95  7:55  Zergling x10  
  100  8:15  Mutalisk x2  
  100  8:17  Overlord  
  96  8:33  Mutalisk x3  
  96  8:34  Mutalisk  
  94  8:36  Overlord, Drone x2  
  97  8:44  Infestation Pit  
  96  8:51  Mutalisk  
  96  8:52  Mutalisk  
  100  9:12  Zergling x6  
  100  9:13  Zergling x18  
  112  9:18  Overlord x2  
  112  9:19  Overlord  
  112  9:21  Hive  
  112  9:22  Pathogen Glands  
  112  9:36  Mutalisk x4  
  93  9:57  Drone x3  
  88  10:22  Swarm Host x5  
  88  10:23  Swarm Host x2  
  88  10:24  Zergling x12  
  115  10:34  Zergling x8  
  119  10:48  Mutalisk  
  119  10:49  Mutalisk x6  
  133  11:03  Zergling x2  
  133  11:04  Zergling x4  
  136  11:13  Burrow  
  136  11:23  Greater Spire  
  136  11:24  Zerg Melee Weapons Level 3  
  133  11:26  Adrenal Glands  
  133  11:28  Drone x2  
  134  11:33  Overlord x3  
  134  11:38  Drone  
  134  11:39  Drone  
  136  11:40  Overlord x2  
  133  12:18  Zergling x4  
  133  12:19  Zergling x2  
  133  12:21  Zerg Ground Armor Level 3  
  136  12:24  Extractor  
  136  12:26  Extractor  
  134  12:31  Drone x4  
  134  12:32  Drone x3  
  141  12:39  Overseer  
  141  13:23  Corruptor  
  141  13:24  Corruptor x11  
  151  13:46  Zergling x22  
  151  14:20  Zergling x4  
  151  14:21  Zergling x16  
  158  14:47  Roach x5  
  166  14:57  Zergling x14  
  146  15:02  Drone  
  146  15:03  Drone x2  
  148  15:28  Zergling x16  
  153  15:37  Brood Lord  
  153  15:38  Brood Lord x6  
  153  15:41  Overlord x2  
  167  15:44  Overlord x2  
  165  16:01  Brood Lord  
  157  16:10  Corruptor x6  
  160  16:22  Zergling x8  
  160  16:23  Zergling x14  
  139  16:50  Brood Lord x2  
  139  16:51  Corruptor x7  
  139  16:53  Overlord  
  152  17:18  Drone  
  152  17:19  Drone x8  
  161  17:31  Brood Lord x3  
  167  18:07  Corruptor  
  167  18:08  Corruptor x3  
  167  18:09  Corruptor  
  176  18:24  Zergling x24  
  176  18:25  Zergling x6  
  168  18:27  Overseer  
  166  18:36  Overseer  
  134  19:28  Zergling x12  
Show
View Real Time Build Order
Export as new Build Order

Zip Zerg 

Build Orders: Hatch First 

Get SALT Encoding   

  12  0:01  Drone  
  13  0:12  Overlord  
  13  0:18  Drone  
  14  0:31  Drone x2  
  14  0:34  Drone  
  17  0:53  Hatchery  
  16  0:57  Drone  
  16  1:00  Drone  
  18  1:10  Extractor  
  17  1:18  Spawning Pool  
  16  1:19  Drone  
  16  1:22  Drone  
  18  1:28  Drone  
  19  1:40  Drone  
  20  1:49  Overlord  
  20  2:04  Queen  
  20  2:05  Queen  
  20  2:08  Zergling x4  
  26  2:13  Metabolic Boost  
  26  2:15  Zergling x2  
  27  2:26  Drone x2  
  29  2:30  Zergling x2  
  30  2:43  Queen  
  32  2:44  Overlord  
  32  2:45  Drone x2  
  34  2:51  Baneling Nest  
  34  2:58  Drone x2  
  34  3:02  Drone  
  36  3:07  Drone  
  37  3:17  Drone x3, Overlord  
  37  3:19  Drone  
  41  3:30  Lair  
  41  3:33  Spore Crawler  
  40  3:38  Zergling x8  
  44  3:42  Drone  
  44  3:44  Drone  
  44  4:08  Extractor  
  44  4:09  Extractor x2  
  42  4:10  Drone x6  
  42  4:14  Hatchery  
  46  4:18  Drone x3  
  49  4:24  Overlord x2  
  49  4:36  Spore Crawler  
  48  4:42  Overlord  
  48  4:51  Spire  
  48  4:53  Evolution Chamber  
  48  4:59  Hydralisk Den  
  46  5:00  Drone x4  
  46  5:01  Evolution Chamber, Drone x2  
  46  5:05  Overlord  
  51  5:07  Drone  
  51  5:08  Drone x2  
  54  5:28  Zerg Missile Weapons Level 1, Zerg Ground Armor Level 1  
  53  5:30  Grooved Spines  
  53  5:39  Queen  
  53  5:41  Drone x6  
  58  5:56  Hydralisk x2  
  58  5:57  Hydralisk x3  
  58  6:02  Overlord  
  68  6:09  Spore Crawler  
  68  6:11  Hydralisk  
  67  6:13  Hydralisk  
  67  6:15  Drone  
  67  6:17  Drone  
  72  6:24  Queen  
  71  6:28  Spore Crawler  
  68  6:35  Hydralisk x4  
  74  6:42  Lurker Den  
  69  7:02  Muscular Augments  
  69  7:03  Zergling x4  
  69  7:04  Zergling x22  
  82  7:16  Overlord x3  
  82  7:21  Overseer x2  
  82  7:39  Spore Crawler  
  82  7:40  Centrifical Hooks  
  82  7:42  Spore Crawler  
  80  8:04  Overlord x2  
  80  8:05  Drone x7  
  82  8:06  Drone x10  
  96  8:12  Spine Crawler  
  95  8:26  Hydralisk x4  
  95  8:37  Hydralisk  
  95  8:38  Spore Crawler, Hydralisk x2  
  99  8:51  Zerg Missile Weapons Level 2  
  99  8:52  Zerg Ground Armor Level 2  
  93  9:12  Extractor x2  
  93  9:15  Infestation Pit  
  89  9:18  Spore Crawler  
  89  9:22  Drone x4  
  89  9:23  Drone x4, Hatchery  
  89  9:24  Hydralisk x2, Drone x2  
  101  9:52  Hive  
  101  10:10  Overlord x2  
  101  10:11  Overlord  
  101  10:13  Hydralisk  
  103  10:14  Hydralisk x4  
  103  10:15  Hydralisk x5  
  103  10:17  Zergling x2  
  103  10:19  Overlord  
  122  10:29  Extractor  
  122  10:32  Overseer  
  103  10:49  Hydralisk  
  87  10:50  Hydralisk x9  
  77  11:06  Hydralisk x5  
  85  11:35  Hatchery  
  80  11:42  Viper x4  
  92  11:55  Adaptive Talons, Zerg Missile Weapons Level 3, Zerg Ground Armor Level 3  
  92  12:00  Queen  
  94  12:10  Lurker x2  
  96  12:25  Hydralisk x7  
  110  12:50  Spore Crawler  
  109  12:51  Hydralisk x6  
  109  12:52  Spore Crawler  
  109  12:53  Spore Crawler  
  99  13:36  Hydralisk x12  
  121  13:45  Hydralisk x2  
  125  14:02  Hydralisk x5  
  134  14:19  Overlord  
  134  14:20  Overlord  
  134  14:24  Queen  
  118  14:46  Viper x4  
  124  14:56  Hydralisk x2  
  124  14:57  Hydralisk x5  
  128  15:08  Hydralisk x3  
  124  15:24  Hydralisk x2  
  124  15:25  Hydralisk x2  
  120  15:35  Hydralisk x3  
  120  15:41  Queen  
  110  16:07  Hydralisk  
  110  16:08  Hydralisk x6  
  106  16:36  Hydralisk x8  
  102  16:43  Hydralisk x2  
  102  16:46  Hydralisk  
  94  16:54  Hydralisk x2  
  98  17:06  Hydralisk x3  
  104  17:17  Hydralisk x10  
  124  17:29  Zergling x4  
  127  17:30  Zergling x4  
  128  17:39  Queen  
  130  17:48  Hatchery  
  118  17:51  Hatchery  
  118  17:52  Hydralisk  
  118  17:53  Hydralisk x8  
  124  18:05  Hydralisk x4  
Show
View Real Time Build Order
Export as new Build Order

Eaglesearchr Terran 

Build Orders:  

Get SALT Encoding   

  12  0:01  SCV  
  13  0:16  Supply Depot  
  13  0:18  SCV  
  14  0:40  Barracks, SCV  
  15  0:52  SCV  
  16  0:59  Supply Depot  
  16  1:04  SCV  
  17  1:43  Marine  
  18  1:51  Command Center  
  18  1:52  SCV  
  19  2:03  Supply Depot  
  19  2:05  SCV  
  20  2:17  SCV  
  20  2:20  Refinery  
  20  2:22  Refinery  
  21  2:29  Barracks  
  21  2:35  Engineering Bay  
  21  2:36  Barracks  
  21  2:53  Orbital Command  
  21  2:58  Barracks Tech Lab  
  21  3:19  SCV  
  22  3:30  Missile Turret  
  22  3:31  SCV  
  23  3:34  Barracks Reactor  
  23  3:36  Barracks Reactor  
  23  3:37  Stimpack  
  23  3:41  Marauder  
  25  4:01  SCV  
  26  4:03  Marauder  
  26  4:04  Orbital Command  
  28  4:15  Marine x2  
  28  4:16  Marine x2  
  32  4:28  SCV  
  33  4:32  Factory  
  33  4:48  Marine x2  
  33  4:49  Marine x2  
  33  4:51  Marauder  
  39  4:53  Orbital Command  
  39  4:58  Terran Infantry Weapons Level 1  
  39  5:05  Missile Turret  
  39  5:10  Marine x3  
  39  5:11  Marine  
  43  5:20  Factory Tech Lab, Starport  
  43  5:31  SCV x2  
  45  5:44  Marine x3  
  45  5:45  Marine  
  45  5:47  Marauder  
  51  5:50  Siege Tank  
  54  6:01  Supply Depot  
  54  6:23  SCV x2  
  54  6:25  Missile Turret  
  56  6:29  Missile Turret  
  56  6:34  Missile Turret  
  56  6:42  Missile Turret, SCV  
  56  6:43  SCV  
  56  6:47  Marine x3, Missile Turret  
  58  6:48  Marine  
  58  6:50  Starport Reactor  
  58  6:53  Terran Infantry Armor Level 1  
  62  7:17  Supply Depot  
  62  7:19  Supply Depot x2  
  62  7:39  Marine x4, SCV x2  
  62  7:40  Siege Tank  
  71  7:49  Marine  
  71  7:50  Medivac x2  
  76  7:56  Marine  
  77  8:02  Command Center  
  77  8:15  Armory  
  77  8:19  Engineering Bay  
  77  8:27  Armory  
  77  8:30  Viking x2  
  81  8:42  SCV  
  81  8:44  SCV, Starport  
  83  8:49  Refinery  
  83  8:54  Refinery  
  83  9:07  SCV x2  
  83  9:09  Terran Infantry Weapons Level 2  
  85  9:11  Terran Infantry Armor Level 2  
  85  9:23  Orbital Command  
  85  9:31  SCV  
  85  9:32  SCV  
  87  9:39  Terran Ship Weapons Level 1, Terran Vehicle And Ship Armor Level 1  
  86  10:13  Starport Reactor  
  86  10:23  Medivac x2  
  86  10:24  Starport  
  86  10:25  Marine x4  
  86  10:26  Marine  
  95  10:50  Viking x2  
  95  10:51  Marine x2  
  101  11:10  Marine  
  101  11:11  Marine  
  101  11:18  Marine x3  
  85  11:20  Viking x2  
  85  11:21  Viking x2  
  89  11:28  Marine  
  90  11:45  Terran Infantry Armor Level 3, Terran Infantry Weapons Level 3  
  90  11:58  Marine x4  
  94  12:08  Supply Depot x2, Starport Tech Lab  
  94  12:10  Supply Depot  
  94  12:12  Viking  
  96  12:16  Orbital Command  
  96  12:32  Supply Depot  
  96  12:43  SCV x3  
  99  12:55  SCV  
  99  13:06  Viking  
  99  13:07  Viking x3  
  103  13:26  Viking  
  91  13:29  Marine  
  91  13:30  Marine x2  
  91  13:31  SCV x2  
  91  13:32  SCV  
  97  13:36  Viking, Refinery  
  97  13:37  Viking x3  
  97  13:38  Refinery  
  105  13:42  Thor  
  105  13:43  SCV  
  105  13:46  Terran Ship Weapons Level 2  
  105  13:47  Terran Vehicle And Ship Armor Level 2  
  112  13:54  Supply Depot  
  112  13:56  Supply Depot, Viking  
  112  13:57  SCV  
  112  13:58  SCV x2  
  115  14:06  Viking  
  102  14:32  Viking x4  
  110  14:52  Thor  
  108  14:53  Viking  
  108  15:02  Viking x2  
  104  15:07  Marine x5  
  96  15:22  Viking x2  
  96  15:23  Viking  
  96  15:25  Marine x3  
  93  15:41  Marine x2  
  93  15:42  Marine  
  79  15:48  Marine x2  
  79  15:49  Thor  
  70  15:59  Marine x2  
  62  16:06  Marine  
  62  16:07  Marine x2  
  62  16:09  Viking  
  65  16:17  Marine x2  
  65  16:45  Viking x4  
  65  16:46  Viking  
  67  17:08  Marine  
  67  17:09  Marine x4  
  67  17:11  Thor  
  70  17:22  Viking x3  
  76  17:26  Marine  
Show
View Real Time Build Order
Export as new Build Order

DamGlam Protoss 

Build Orders:  

Get SALT Encoding   

  12  0:08  Probe  
  13  0:20  Probe  
  14  0:43  Pylon  
  14  0:44  Pylon, Probe  
  15  0:57  Probe  
  16  1:08  Forge  
  16  1:09  Probe  
  17  1:21  Probe  
  18  1:43  Gateway  
  18  1:47  Photon Cannon  
  18  1:55  Pylon  
  18  1:58  Probe  
  18  2:10  Probe  
  19  2:18  Photon Cannon  
  19  2:40  Photon Cannon  
  18  3:04  Probe  
  19  3:06  Assimilator  
  19  3:11  Cybernetics Core  
  19  3:12  Assimilator  
  19  3:16  Probe  
  20  3:28  Probe  
  20  3:30  Nexus  
  21  3:46  Probe  
  21  3:48  Pylon  
  21  3:51  Photon Cannon  
  21  3:53  Photon Cannon  
  21  3:56  Probe  
  21  3:57  Photon Cannon  
  22  4:04  Probe  
  23  4:13  Probe  
  24  4:18  Pylon  
  24  4:31  Photon Cannon  
  13  4:43  Probe  
  14  4:52  Probe  
  15  5:08  Warp Gate  
  15  5:19  Probe  
  15  5:27  Probe  
  17  5:42  Pylon, Probe  
  18  6:00  Stalker  
  20  6:30  Protoss Ground Weapons Level 1  
  20  6:46  Probe  
  20  6:54  Probe  
  20  7:11  Photon Cannon  
  19  7:17  Shield Battery  
  19  7:21  Probe  
  20  7:30  Probe  
  20  7:36  Pylon, Stargate  
  21  7:38  Probe  
  22  7:47  Probe  
  23  7:54  Gateway  
  23  7:59  Probe  
  24  8:12  Probe  
  25  8:19  Robotics Facility  
  25  8:24  Probe  
  26  8:38  Gateway  
  26  8:41  Gateway  
  26  8:47  Gateway  
  26  8:48  Protoss Ground Armor Level 1  
  26  8:56  Pylon  
  26  9:16  Nexus  
  26  9:28  Pylon  
  26  9:36  Pylon  
  25  10:36  Probe x2  
  27  10:48  Probe  
  28  11:00  Stalker  
  28  11:01  Stalker x2  
  34  11:04  Probe  
  34  11:08  Probe  
  34  11:20  Probe  
  34  11:22  Photon Cannon  
  34  11:25  Photon Cannon  
  34  11:51  Probe x2  
  36  11:54  Stalker x2  
  40  12:02  Assimilator  
  40  12:03  Probe x2  
  40  12:04  Assimilator  
  42  12:15  Probe x2  
  42  12:17  Warp Prism  
  42  12:22  Protoss Shields Level 1  
  46  12:39  Twilight Council  
  46  12:44  Probe  
  46  12:45  Probe  
  48  12:53  Observer  
  49  13:12  Nexus  
  49  13:18  Photon Cannon  
  49  13:21  Shield Battery  
  49  13:23  Photon Cannon  
  49  13:37  Stalker  
  49  13:38  Blink, Stalker  
  53  13:43  Protoss Air Weapons Level 1  
  49  14:16  Protoss Ground Weapons Level 2  
  44  14:22  Probe x2  
  46  14:30  Pylon  
  46  14:31  Probe  
  47  14:33  Pylon  
  47  14:34  Probe x2  
  49  14:43  Probe  
  50  14:46  Probe  
  51  14:55  Probe  
  52  15:05  Gateway  
  52  15:07  Probe  
  52  15:08  Probe x2  
  55  15:15  Dark Shrine, Probe  
  55  15:17  Pylon  
  55  15:18  Pylon  
  56  15:23  Pylon, Probe  
  57  15:32  Stalker x2  
  57  15:33  Stalker  
  57  15:56  Probe  
  57  15:58  Probe x2  
  60  16:04  Probe  
  53  16:13  Probe  
  53  16:15  Zealot x2  
  53  16:16  Zealot x2  
  62  16:25  Probe  
  57  16:38  Probe x2  
  57  16:39  Probe  
  42  16:50  Probe  
  42  16:51  Probe  
  44  16:59  Dark Templar x4  
  37  17:34  Dark Templar x2  
  37  17:35  Dark Templar x2  
  26  18:08  Dark Templar x4  
  32  18:41  Dark Templar x3  
  32  18:42  Dark Templar  
  15  19:15  Dark Templar  
  15  19:16  Dark Templar x2  
Tags
 
Add a new tag
Caveats
  • Supply blocks, unpowered buildings, or Contaminate may cause inaccurate times.
  • Supply counts are checked every 10 seconds.